AoeStats
← novakmarek.spk

Arabia

508196289Analyzed
1v1 RM · 11d ago on Sep 21, 2026· 19m 49s· 2 players
Game mode
Random Map
Map size
Tiny (2 player)
Population
200
Speed
Normal
Resources
Standard
Victory
Conquest
Starting age
Dark Age
Ending age
Imperial Age
RankedLock teamsTeams togetherTeam positionsShared explorationLock speedFull tech treeHidden civsTurbo modeCheats
Victory
Defeat
🇨🇱 Spanish · Chile
937
+16
🇨🇿 Britons · Czechia
939
-16
daniel.camilla1993
6:55 Loom
10:21 Feudal Age
11:00 Double-Bit Axe
17:18 Castle Age
16:38 Padded Archer Armor
16:29 Fletching
20:23 Bow Saw
novakmarek.spk
6:21 Loom
9:52 Feudal Age
13:41 Fletching
14:56 Padded Archer Armor
19:15 Town Watch
Connection lost

Rejoining the realm…

Still unreachable

The connection could not be restored.

Session expired

The server has moved on; the page needs a fresh start.